 Dungeon Crawl Stone Soup version 0.23.2-1-ga50397a (webtiles) character file.

Game seed: 6658426450107959379

50 smcx the Ogre Mage (level 3, 35/35 HPs)
             Began as an Ogre Wizard on May 8, 2019.
             Quit the game on level 2 of the Dungeon.
             The game lasted 00:16:32 (2135 turns).

smcx the Ogre Mage (Ogre Wizard)                    Turns: 2135, Time: 00:16:33

Health: 35/35      AC:  3    Str: 11    XL:     3   Next: 79%
Magic:  8/8        EV: 10    Int: 20    God:
Gold:   55         SH:  0    Dex:  7    Spells: 5/10 levels left

rFire    . . .     SeeInvis .   i - +0 short sword
rCold    . . .     Gourm    .   (no shield)
rNeg     . . .     Faith    .   k - +0 robe
rPois    .         Spirit   .   b - +0 hat
rElec    .         Reflect  .   (no cloak)
rCorr    .         Harm     .   (gloves unavailable)
MR       +....                  (boots unavailable)
Stlth    +.........             (no amulet)
HPRegen  0.11/turn              r - ring of protection from magic
MPRegen  0.11/turn              (no ring)

@: no status effects
A: large, unfitting armour, tough skin 1
a: no special abilities


You were on level 2 of the Dungeon.
You were not hungry.

You visited 1 branch of the dungeon, and saw 2 of its levels.

You collected 55 gold pieces.

Inventory:

Hand Weapons
 i - a +0 short sword (weapon)
 n - a +0 hunting sling
Missiles
 o - 39 sling bullets (quivered)
Armour
 a - a +0 robe
 b - a +0 hat (worn)
 k - a +0 robe (worn)
Jewellery
 r - a ring of protection from magic (left hand)
Scrolls
 c - a scroll of noise {unknown}
 e - 2 scrolls of enchant weapon {unknown}
 f - 3 scrolls of identify {unknown}
 j - a scroll of remove curse
Potions
 g - 2 potions of haste {unknown}
 h - 2 potions of berserk rage {unknown}
 l - a potion of mutation {unknown}
 m - a potion of heal wounds {unknown}
 p - a potion of curing
Comestibles
 d - 4 rations
 q - a chunk of flesh


   Skills:
 + Level 2.1 Fighting
 - Level 1.7 Dodging
 - Level 1.4 Stealth
 + Level 4.1 Spellcasting
 * Level 1.7 Conjurations
 * Level 1.5 Summonings
 - Level 0.8 Translocations


You had 5 spell levels left.
You knew the following spells:

 Your Spells              Type           Power        Failure   Level  Hunger
a - Magic Dart            Conj           ##..         6%          1    None
b - Call Imp              Summ           ##......     11%         2    #......
c - Blink                 Tloc           N/A          14%         2    #......

Your spell library contained the following spells:

 Spells                   Type           Power        Failure   Level  Hunger
 Slow                     Hex            #.......     19%         2    #......
 Conjure Flame            Conj/Fire      #.......     26%         3    ###....
 Mephitic Cloud           Conj/Pois/Air  #.......     30%         3    ###....


Dungeon Overview and Level Annotations

Branches:
Dungeon (2/15)

Altars:


Innate Abilities, Weirdness & Mutations

You are too large for most types of armour.
You have tough skin. (AC +1)


Message History

The goblin shouts!
Casting: Magic Dart (safe; 6% risk of failure)
Confirm with . or Enter, or press ? or * to list all spells.
Aiming: Magic Dart (safe; 6% risk of failure)
Press: ? - help, Shift-Dir - straight line, f/p - goblin
Aim: a goblin, wielding a +0 club (almost dead)
The magic dart hits the goblin.
You kill the goblin!
f - 3 scrolls labeled XYTECEM UWKEOS (gained 1)
You start resting.
Magic restored.
Found 15 sling bullets.
Found a scroll labeled ZIPLAB FUJOFELE.
You see here 11 bolts.
o - 39 sling bullets (gained 15)
e - 2 scrolls labeled ZIPLAB FUJOFELE (gained 1) Save game and exit?
Welcome back, smcx the Ogre Wizard.
Press ? for a list of commands and other information.
Are you sure you want to abandon this character and quit the game? (Confirm with "yes".)

#..##†..##.................#
##..#8.8.#.####............#
##...##.#.# #............#
#.###....# #............#
#.....#### #............#
##.### #............#
#.##########............#
#.......................#
######..@................
#.......##########..
#.......# #.. #.......# #..
#.......##########..
#................#..
#.........(......#..
#................#..
#...................


There were no monsters in sight!

Vanquished Creatures
  An adder (D:2)
  A ball python (D:2)
  2 bats (D:1)
  A giant cockroach (D:1)
  4 goblins
  3 hobgoblins (D:1)
  3 jackals (D:2)
  3 frilled lizards (D:1)
  2 kobolds (D:1)
  6 rats (D:1)
26 creatures vanquished.

Vanquished Creatures (collateral kills)
  An adder (D:2)
  2 giant cockroaches (D:1)
  2 hobgoblins (D:1)
  A jackal (D:2)
  3 kobolds (D:2)
  A ball python (D:1)
  2 goblins (D:1)
12 creatures vanquished.

Grand Total: 38 creatures vanquished

Notes
Turn   | Place    | Note
-------+----------+-------------------------------------------
     0 | D:1      | smcx the Ogre Wizard began the quest for the Orb.
     0 | D:1      | Reached XP level 1. HP: 16/16 MP: 5/5
   139 | D:1      | Reached skill level 1 in Conjurations
   197 | D:1      | Reached skill level 1 in Fighting
   326 | D:1      | Reached XP level 2. HP: 27/27 MP: 4/6
   555 | D:1      | Learned a level 2 spell: Call Imp
   558 | D:1      | Learned a level 2 spell: Blink
   641 | D:1      | Reached skill level 1 in Summonings
   877 | D:1      | Reached skill level 4 in Spellcasting
  1127 | D:1      | You fall through a shaft!
  1178 | D:2      | Reached XP level 3. HP: 25/35 MP: 3/8
  2135 | D:2      | Quit the game

Skill      XL: |  1  2  3 |
---------------+----------+-----
Conjurations   | 1 |  1.7
Fighting       | 1 2 |  2.1
Summonings     | 1 |  1.5
Spellcasting   | 4 |  4.1
Dodging        | |  1.7
Stealth        | |  1.4
Translocations | |  0.8

Action                   || total
-------------------------++-------
Melee: Short sword       ||    18
 Fire: Hunting sling     ||     1
 Cast: Magic Dart        ||    67
       Call Imp          ||     8
       Blink             ||     1
  Use: Scroll            ||     1
  Eat: Chunk             ||     4
Armor: Robe              ||    28
Dodge: Dodged            ||    51
